[Event "*** Titled Tuesday 3|2 Blitz"]
[Site "Chess.com"]
[Date "2015.02.24"]
[Round "6"]
[White "CraiggoryC"]
[Black "bsmail"]
[Result "0-1"]
[WhiteElo "1970"]
[BlackElo "2101"]
[TimeControl "180+2"]
[EndTime "12:18:00 PST"]
[Termination "bsmail won by resignation"]

1. e4 c5 2. Nf3 d6 3. d4 cxd4 4.
Nxd4 Nf6 5. Nc3 g6 6. Be3 Bg7 7. f3 O-O 8. Qd2 Nc6 9. O-O-O d5 10. Kb1 Nxd4 11. e5 Nf5 12. exf6 exf6 13. Bc5 d4 14. Bxf8 Qxf8 15. Ne2 Ne3 16. Re1 Nc4 17. Qxd4 b5 18. Nc3 f5 19. Qd5 Be6 20.
Rxe6 Rd8 21. Bxc4 Rxd5 22. Bxd5 fxe6 23. Bxe6+ Kh8 24. Rd1 b4 25. Nd5 h5 26. h4 Qd6 27.
Bf7 Qe5 28. c3 bxc3 29. Nxc3 Qf6 30. Bb3 Qxh4 31. a3 Qf2 32. Rd8+ Kh7 33. Rd7 Kh6 34. Bf7 Bxc3 35. bxc3 Qf1+ 36. Kc2 Qxg2+ 37. Kb3 Qxf3 38. Rd6 Qb7+ 0-1

[Event "*** Titled Tuesday 3|2 Blitz"]
[Site "Chess.com"]
[Date "2015.02.24"]
[Round "6"]
[White "GasconJR"]
[Black "petrpalachev"]
[Result "1-0"]
[WhiteElo "2271"]
[BlackElo "2391"]
[TimeControl "180+2"]
[EndTime "12:18:17 PST"]
[Termination "GasconJR won by resignation"]

1. e4 c6 2. d4 d5 3. Nc3 dxe4 4.
Nxe4 Nd7 5. Ng5 Ngf6 6. Bd3 e6 7. N1f3 Bd6 8. Qe2 h6 9. Ne4 Nxe4 10. Qxe4 Qc7 11.
Qg4 Kf8 12. O-O Nf6 13. Qh4 b6 14. b3 Bb7 15. Bb2 Ke7 16. Rfe1 g5 17. Qh3 g4 18.
Qh4 gxf3 19. d5 Bxh2+ 20. Kh1 fxg2+ 21. Kxg2 Rhg8+ 22. Kh1 Rg5 23. Bxf6+ Kxf6 24. Qxh6+ Rg6 25. Bxg6 Bf4 26. Qh7 cxd5 27. Rg1 fxg6 28. Rxg6+ Kf5 29.
Rg7+ Kf6 30. Qg6+ Ke5 31. Re1+ Kd6 32. Rxc7 Kxc7 33. Qf7+ Kc6 34. Qxf4 Rh8+ 35. Kg1 Bc8 36. c4 Rg8+ 37. Kf1 dxc4 38. Qxc4+ Kb7 39. Rc1 Ka8 40. Qxc8+ Rxc8 41. Rxc8+ Kb7 42. Re8 Kc6 43. Rxe6+ Kb5 44. Rh6 a5 45. a3 Kc5 46. b4+ axb4 47. axb4+ Kxb4 48. Rxb6+ Kc5 49. Re6 Kd5 50. Re1 Kd4 51. f4 1-0

[Event "*** Titled Tuesday 3|2 Blitz"]
[Site "Chess.com"]
[Date "2015.02.24"]
[Round "6"]
[White "facu57"]
[Black "FytNob"]
[Result "0-1"]
[WhiteElo "2017"]
[BlackElo "1864"]
[TimeControl "180+2"]
[EndTime "12:18:27 PST"]
[Termination "FytNob won by resignation"]

1. e4 Nc6 2. Nc3 d6 3. g3 Nf6 4. Bg2 e5 5. d3 Be7 6. f4 Bg4 7.
Nf3 h5 8. h3 Bxf3 9. Bxf3 h4 10.
g4 Qd7 11. f5 O-O-O 12. a4 Kb8 13. a5 a6 14. Be3 Nd4 15. Bxd4 exd4 16. Ne2 c5 17. c3 dxc3 18. bxc3 Rhe8 19. Rb1 d5 20. O-O dxe4 21. dxe4 Qxd1 22. Rfxd1 Rxd1+ 23. Rxd1 Rd8 24. Rb1 Rd3 25. Kf2 Nd7 26. e5 b5 27. axb6 Nxe5 28. Be4 Rxh3 29. Ra1 Nxg4+ 30. Kg2 Re3 31. Bf3 h3+ 32.
Kxh3 Rxf3+ 33. Kxg4 Re3 34. Nf4 Bd6 35. Nd5 Re5 36. c4 Kb7 37. Rd1 Re4+ 38. Kf3 Rxc4 39. Ne3 Rd4 40. Rg1 Be5 41. Ng4 Rf4+ 42. Ke3 Rxf5 43.
Ke4 Bd4 44. Rh1 Rg5 45. Kf4 f6 46. Rh8 Kxb6 47. Rb8+ Kc6 48. Ra8 Kb5 49. Kf3 f5 50. Nh2 a5 51. Nf1 a4 52. Ng3 g6 53. Ne2 Rg4 54.
Nf4 g5 55. Ne6 Re4 56. Nc7+ Kc6 57. Ne8 Re3+ 58. Kg2 a3 59. Ng7 f4 60. Nf5 Re2+ 61. Kf3 Rf2+ 62. Ke4 a2 63. Kd3 a1=Q 0-1

[Event "*** Titled Tuesday 3|2 Blitz"]
[Site "Chess.com"]
[Date "2015.02.24"]
[Round "6"]
[White "AndreyOstrovskiy"]
[Black "wonderfultime"]
[Result "0-1"]
[WhiteElo "2330"]
[BlackElo "2558"]
[TimeControl "180+2"]
[EndTime "12:18:29 PST"]
[Termination "wonderfultime won by resignation"]

1. e4 c5 2. Nf3 Nc6 3. Bb5 d6 4. O-O Bd7 5. c3 Nf6 6. Re1 a6 7. Ba4 b5 8. Bc2 Bg4 9. h3 Bxf3 10.
Qxf3 Nd7 11. a4 g6 12. Na3 Rb8 13. axb5 axb5 14. d3 Bg7 15. g4 O-O 16. Nb1 b4 17. Qe2 Ra8 18. Rxa8 Qxa8 19. f4 Qa2 20. Qd1 Qa7 21. Be3 Rb8 22. Ba4 Qa6 23. g5 bxc3 24.
bxc3 Rxb1 25. Qxb1 Qxa4 26. Qb7 Nf8 27. c4 Qb4 28. Rb1 Qc3 29. Qb3 Nb4 30. e5 Qxd3 31. Qxd3 Nxd3 32. Rd1 Nb2 33. Rc1 Ne6 34. Rc2 Nd3 35.
exd6 exd6 36. Ra2 Ndxf4 37. Ra8+ Bf8 38. h4 Nd3 39. Kg2 Ne5 40. Ra4 Kg7 41. Bd2 f5 42. Bc3 Kf7 43. Kg3 Be7 44. Kf2 Nf4 45. Ra7 Nxc4 46.
Bf6 Nd5 47. Bxe7 Nxe7 48. Rc7 Ne5 49. Ke3 Ke6 50. Ra7 c4 0-1

[Event "*** Titled Tuesday 3|2 Blitz"]
[Site "Chess.com"]
[Date "2015.02.24"]
[Round "6"]
[White "9ShMat2"]
[Black "AnthonyWirig"]
[Result "1-0"]
[WhiteElo "2449"]
[BlackElo "2535"]
[TimeControl "180+2"]
[EndTime "12:18:38 PST"]
[Termination "9ShMat2 won by resignation"]

1. e4 g6 2. d4 Bg7 3. Nc3 c6 4.
Bc4 d6 5. Nge2 Nf6 6. f3 d5 7.
Bb3 O-O 8. e5 Nfd7 9. O-O a5 10. a3 b5 11. Be3 Nb6 12. Qd2 f6 13. Bh6 fxe5 14. Bxg7 Kxg7 15. dxe5 a4 16. Ba2 Nc4 17.
Bxc4 bxc4 18. Qd4 e6 19. Rae1 Nd7 20. Qe3 Qb6 21. Qxb6 Nxb6 22. Rf2 c5 23. Nb5 Bd7 24. Nd6 Rab8 25. c3 Bc6 26. g3 Nd7 27. Nf4 Rxf4 28.
gxf4 Rf8 29. f5 exf5 30. e6 Nf6 31. e7 Rb8 32. Re6 Bd7 33. Re5 d4 34. Rxc5 dxc3 35.
bxc3 Rb6 36. Rd2 f4 37. Ne4 Nxe4 38. Rxd7 Rb1+ 39. Kg2 Rb2+ 40. Kh3 Nf2+ 41. Kh4 Kh6 1-0

[Event "*** Titled Tuesday 3|2 Blitz"]
[Site "Chess.com"]
[Date "2015.02.24"]
[Round "6"]
[White "190l"]
[Black "Zvonokchess"]
[Result "1-0"]
[WhiteElo "1994"]
[BlackElo "2476"]
[TimeControl "180+2"]
[EndTime "12:18:41 PST"]
[Termination "190l won on time"]

1. d4 Nf6 2. c4 c5 3. d5 b5 4. cxb5 a6 5. f3 g6 6. e4 Bg7 7. Nc3 O-O 8. Be3 d6 9. Qd2 e6 10. dxe6 Bxe6 11. Nge2 d5 12. exd5 Nxd5 13. Nxd5 Qxd5 14. Qxd5 Bxd5 15. Bxc5 Re8 16. O-O-O Bxa2 17. Nc3 Bb3 18. b6 Nc6 19. b7 Rab8 20. Bxa6 Bxd1 21.
Rxd1 Na5 22. Ba7 Rxb7 23. Bxb7 Nxb7 24. Bd4 Bh6+ 25. Kc2 Na5 26. Ne4 Rc8+ 27. Kd3 Nb3 28. Nf6+ Kh8 29. Bc3 Bg7 30. Re1 Nc5+ 31. Kd2 Ne6 32. b4 Rxc3 33. Kxc3 Bxf6+ 34. Kc4 Bd8 35. Kd5 Kg7 36. b5 1-0

[Event "*** Titled Tuesday 3|2 Blitz"]
[Site "Chess.com"]
[Date "2015.02.24"]
[Round "6"]
[White "FlySooHigh"]
[Black "Ar4uha"]
[Result "0-1"]
[WhiteElo "2328"]
[BlackElo "2453"]
[TimeControl "180+2"]
[EndTime "12:18:44 PST"]
[Termination "Ar4uha won by resignation"]

1. e4 d5 2. exd5 Nf6 3. d4 Nxd5 4. c4 Nb6 5. Nf3 g6 6. Nc3 Bg7 7. c5 Nd5 8. Bc4 c6 9. O-O O-O 10. Re1 b6 11. Bg5 Be6 12. Rxe6 fxe6 13. Qe2 Qc8 14. Ne4 b5 15. Bb3 Nd7 16. Ng3 N7f6 17. Re1 a5 18. Bd2 a4 19. Bc2 a3 20. b3 b4 21. Ng5 Nc7 22. Bxb4 Nfd5 23. Bd2 Bxd4 24. N3e4 e5 25. Bd3 Ne6 26. Bc4 Nef4 27. Bxf4 Rxf4 28. g3 Rf8 29. Kg2 Qf5 30. Nf3 Kg7 31. Qd3 Nb4 32. Qe2 Rad8 33. Rf1 Nd5 34. Qd3 Nf6 35. Re1 Bxc5 36. Qe2 Nxe4 37.
Qxe4 Qxe4 38. Rxe4 Bd4 39. Re2 Kf6 40. Nd2 e6 41. Ne4+ Ke7 42. Ng5 Rf5 43. Nxe6 Rd6 44. Nc7 Kd7 45. Na6 Rdf6 46. f4 exf4 47. gxf4 Rxf4 48. Kg3 Rf3+ 49. Kg2 Rf2+ 50. Kg3 Rxe2 51. Bxe2 Rf2 52. Bg4+ Kd6 53. Nb4 c5 54. Nd3 Rxa2 0-1

[Event "*** Titled Tuesday 3|2 Blitz"]
[Site "Chess.com"]
[Date "2015.02.24"]
[Round "6"]
[White "FabianEnglert"]
[Black "Danirod"]
[Result "1-0"]
[WhiteElo "2240"]
[BlackElo "2351"]
[TimeControl "180+2"]
[EndTime "12:19:15 PST"]
[Termination "FabianEnglert won by resignation"]

1. Nf3 d5 2. g3 c5 3. Bg2 Nc6 4. d4 Nf6 5. O-O e6 6. c4 dxc4 7. Ne5 Nxe5 8. dxe5 Qxd1 9. Rxd1 Nd5 10. a4 Bd7 11. a5 O-O-O 12. Bd2 Bc6 13. Na3 Be7 14. Nxc4 Nb4 15. Bxb4 cxb4 16. Rac1 Rxd1+ 17.
Rxd1 Bxg2 18. Kxg2 Rd8 19. Rc1 Kb8 20. Kf3 Rd5 21.
Ke4 Bd8 22. Nd6 Bc7 23. Nxf7 Rxa5 24. f4 h6 25. Rd1 Rc5 26. Rd2 b5 27. Nd6 Bxd6 28.
Rxd6 Rc2 29. Kd3 Rxb2 30. Rxe6 a5 31. Rb6+ Kc7 32. Rxb5 a4 33. e6 Kd6 34. f5 a3 35. e4 a2 36. e5+ Kc6 37. Ra5 b3 38. Ra8 Kb7 39. e7 Kxa8 40. e8=Q+ Kb7 41. Qd7+ Ka6 42. Qc6+ Ka7 43. Qc7+ Ka6 44. Qc4+ Kb7 45. Qd5+ Ka6 46. Qc6+ Ka7 47. Qa4+ Kb7 48. Qb4+ Ka6 49. Qa3+ Kb5 50. Qxb2 1-0

[Event "*** Titled Tuesday 3|2 Blitz"]
[Site "Chess.com"]
[Date "2015.02.24"]
[Round "6"]
[White "BeerLag"]
[Black "Tilicheev_Viacheslav"]
[Result "1-0"]
[WhiteElo "2404"]
[BlackElo "2537"]
[TimeControl "180+2"]
[EndTime "12:19:16 PST"]
[Termination "BeerLag won on time"]

1. e4 c5 2. f4 d5 3. e5 Nc6 4.
Nf3 Bg4 5. Be2 Bxf3 6. Bxf3 e6 7. c3 c4 8. d3 cxd3 9. Qxd3 Bc5 10. Nd2 Nge7 11. Nb3 Bb6 12. Be3 Nf5 13. Bxb6 Qxb6 14.
O-O-O O-O 15. h4 a5 16. g4 Ne3 17. Rd2 Nc4 18. Rg2 a4 19. Nd4 Rfc8 20. Rc2 a3 21. b3 Nb2 22. Qe3 Nxd4 23. Qxd4 Qa5 24. Rh3 b5 25. Be2 Rc7 26. h5 Rac8 27. g5 b4 28. Kb1 Rxc3 29. Rcxc3 bxc3 30. Kc2 Rb8 31. Rxc3 h6 32. g6 fxg6 33. hxg6 Qd8 34. Qa7 d4 35. Qf7+ Kh8 36. Rc7 d3+ 37. Kc3 Qf8 38. Qxf8+ Rxf8 39. Bxd3 h5 40. Be2 h4 41. Bg4 Rd8 42. Bxe6 Nd3 43. f5 Nxe5 44. f6 Rd3+ 45. Kb4 Rd4+ 46. Kxa3 1-0

[Event "*** Titled Tuesday 3|2 Blitz"]
[Site "Chess.com"]
[Date "2015.02.24"]
[Round "6"]
[White "GedoGluperd"]
[Black "jup1978"]
[Result "0-1"]
[WhiteElo "2224"]
[BlackElo "2159"]
[TimeControl "180+2"]
[EndTime "12:19:18 PST"]
[Termination "jup1978 won by resignation"]

1. Nf3 d5 2. g3 c6 3. Bg2 Bg4 4.
O-O Nd7 5. c4 e6 6. h3 Bh5 7. b3 Bg6 8. Bb2 Ngf6 9. d3 Bd6 10.
Nbd2 Qe7 11. Rc1 Ba3 12. Qc2 Bxb2 13. Qxb2 O-O 14. Nh4 Rac8 15. Nxg6 hxg6 16. Rc2 b6 17. Rfc1 c5 18. Qa3 d4 19. Qxa7 e5 20. Qb7 Qd6 21. a3 Rc7 22. Qf3 Ra7 23. Ra2 Qe6 24. Rca1 Nh7 25.
h4 f5 26. Qd5 Qxd5 27. Bxd5+ Kh8 28. b4 Nhf6 29. Bc6 Rc8 30. Bg2 Re8 31. Nb3 e4 32. b5 Ra4 33. Nd2 Kg8 34. Kf1 Kf7 35. Re1 Rea8 36.
dxe4 Rxa3 37. Rxa3 Rxa3 38. exf5 gxf5 39. Nf3 Ne4 40.
Ng5+ Nxg5 41. hxg5 Ne5 42. f4 Ng4 43. Bf3 Ne3+ 44.
Kf2 Ra4 45. Rc1 Ke7 46. Bd5 Nxd5 47. cxd5 Kd6 48. Rh1 Kxd5 49. Rh8 c4 50. Rd8+ Kc5 51. Rd7 g6 52. Rg7 c3 53. Rxg6 Kxb5 54. Rh6 c2 55. Rh1 Kc4 56. g4 fxg4 57. g6 Ra7 58. f5 Ra5 59. Kg3 Rxf5 60. Kxg4 Rf8 61. Kg5 b5 62. g7 Rg8 63. Kf6 b4 64. Kf7 Rxg7+ 65.
Kxg7 b3 66. Kf6 b2 0-1

[Event "*** Titled Tuesday 3|2 Blitz"]
[Site "Chess.com"]
[Date "2015.02.24"]
[Round "6"]
[White "GMNeiksans"]
[Black "EltajSafarli"]
[Result "0-1"]
[WhiteElo "2510"]
[BlackElo "2627"]
[TimeControl "180+2"]
[EndTime "12:19:24 PST"]
[Termination "EltajSafarli won by resignation"]

1. Nf3 Nf6 2. g3 g6 3. Bg2 Bg7 4. O-O O-O 5. d4 d5 6. c4 dxc4 7. Na3 c3 8. bxc3 c5 9. e3 Nc6 10. Qe2 Qa5 11. Bb2 Bf5 12. Nd2 cxd4 13. cxd4 Rac8 14. Nb3 Qb4 15. Rfc1 Bg4 16. Qd2 Be6 17.
Qxb4 Nxb4 18. Nc5 Bd5 19. Bxd5 Nfxd5 20. Nb5 b6 21. a3 bxc5 22. axb4 cxb4 23. Nxa7 Rxc1+ 24. Rxc1 Ra8 25. Rc8+ Rxc8 26. Nxc8 f5 27. Kf1 Kf7 28.
Ke2 Ke8 29. f3 Kd7 30. Na7 e6 31. Kd3 Bf8 32. e4 fxe4+ 33. fxe4 Nf6 34. d5 Ng4 35. Nc6 Bd6 36. Nd4 exd5 37. exd5 Nxh2 38. Ne2 Nf1 39. Kc4 h5 40. Bd4 g5 41. Bf2 g4 42. Kb3 Nd2+ 43.
Kc2 Ne4 44. Be1 Nf6 45. Kd3 Nxd5 46. Kc4 Ke6 47. Nd4+ Ke5 48. Nc2 Ke4 49. Kb3 Ne3 50. Nxb4 Bxb4 51. Bxb4 Kf3 0-1

[Event "*** Titled Tuesday 3|2 Blitz"]
[Site "Chess.com"]
[Date "2015.02.24"]
[Round "6"]
[White "xtremeungar"]
[Black "Zlatan56"]
[Result "0-1"]
[WhiteElo "2262"]
[BlackElo "2543"]
[TimeControl "180+2"]
[EndTime "12:19:29 PST"]
[Termination "Zlatan56 won on time"]

1. e4 d5 2. exd5 Qxd5 3. Nc3 Qa5 4. Bc4 Nf6 5. d3 Bg4 6. f3 Bd7 7. Ne2 e6 8. O-O Be7 9. Ne4 O-O 10. Kh1 Nc6 11.
d4 Rad8 12. Bd2 Qb6 13. c3 e5 14. Be3 Bf5 15. N4g3 Bg6 16. f4 exd4 17. cxd4 Bh5 18.
Nxh5 Nxh5 19. Qc1 Nb4 20. Nc3 Qc6 21. Bb5 Qf6 22. a3 Nd5 23. Nxd5 Rxd5 24. Bc4 Rdd8 25. Qc2 Qh6 26. Kg1 Bd6 27. Qf5 Rde8 28. Rae1 Qg6 29.
Qb5 Bxf4 30. Bd3 Qb6 31. Qxh5 g6 32. Qf3 Bxe3+ 33. Rxe3 Qxd4 34. Re1 Rxe3 35. Qxe3 Qxb2 36. Bc4 c6 37. Rf1 Kg7 38. Qf4 b5 39. Bxf7 a5 40. Kh1 a4 41. h4 h5 42. Qc7 Kh6 43. Qe7 Qg7 44. Qg5+ Kh7 45. Rf6 Rxf7 46. Rxc6 Rf5 47. Qd8 Rf1+ 48. Kh2 Qe5+ 0-1

[Event "*** Titled Tuesday 3|2 Blitz"]
[Site "Chess.com"]
[Date "2015.02.24"]
[Round "6"]
[White "kinetix"]
[Black "gumersindo"]
[Result "0-1"]
[WhiteElo "1576"]
[BlackElo "2118"]
[TimeControl "180+2"]
[EndTime "12:19:32 PST"]
[Termination "gumersindo won on time"]

1. e4 e5 2. f4 d5 3. exd5 exf4 4. Nf3 Nf6 5. Nc3 Nxd5 6. Nxd5 Qxd5 7. d4 Bd6 8. Bd3 O-O 9. c4 Re8+ 10. Kf2 Qh5 11. c5 Be7 12. Bxf4 Nc6 13. d5 Bxc5+ 14. Kf1 Ne7 15.
Ne5 Qh4 16. Bg3 Qf6+ 17. Qf3 Nf5 18. Bxf5 Bxf5 19. Re1 Bd6 20. Qf4 g5 21. Qd4 Bd3+ 22. Kg1 Bxe5 23. Bxe5 Rxe5 24. Qxe5 Qb6+ 25. Qe3 Qb5 26.
Qxg5+ Bg6 27. h4 Qc5+ 28. Kh2 Qd6+ 29. g3 h5 30. Rhf1 c6 31. Rd1 cxd5 32. Rxd5 Qb6 33.
Rf6 Qxb2+ 34. Rd2 Qb1 35. Rxg6+ Qxg6 36. Rd8+ Rxd8 37. Qxd8+ Kh7 38. Qc7 Qe6 39. a4 Qa2+ 40. Kh3 Qd5 41. a5 a6 42. Kh2 Qd2+ 43. Kh3 Qd5 44.
Kh2 Kg7 45. Qf4 Qxa5 46. Qd4+ Kg8 47. Qf4 Qd5 48. Qb8+ Kg7 49. Qf4 a5 0-1

[Event "*** Titled Tuesday 3|2 Blitz"]
[Site "Chess.com"]
[Date "2015.02.24"]
[Round "6"]
[White "monika84"]
[Black "BjarkeSahl"]
[Result "0-1"]
[WhiteElo "2034"]
[BlackElo "2137"]
[TimeControl "180+2"]
[EndTime "12:19:40 PST"]
[Termination "BjarkeSahl won by resignation"]

1. e4 c6 2. Nc3 d5 3. Nf3 dxe4 4. Nxe4 Nf6 5. Nxf6+ exf6 6. Bc4 Bd6 7. O-O O-O 8. d4 Qc7 9. h3 Nd7 10. c3 Re8 11.
Bd2 Nf8 12. Qc2 Bd7 13. Rfe1 Rad8 14. b4 b5 15. Bd3 Be6 16. a4 a6 17. axb5 axb5 18.
Nh4 g6 19. Nf3 Qd7 20. Be4 g5 21. Ra6 Rc8 22. Rea1 Bxh3 23. gxh3 Qxh3 24. Bf5 Qxf3 25. Bxc8 Rxc8 26. Qd1 Qh3 27. f4 Ng6 28. Ra8 Bxf4 29.
Rxc8+ Qxc8 30. Bxf4 Nxf4 31. Qf3 Qf5 32. Qxc6 Qg4+ 33.
Kf1 Qe2+ 34. Kg1 Qe3+ 35. Kf1 Qh3+ 36. Kg1 Kg7 37. Qe4 Qg4+ 38. Kf1 Qh3+ 39. Kg1 Qg3+ 40. Kf1 Nh3 41. Qg2 Qd3+ 42. Qe2 Qxc3 43. Re1 Qxd4 44. Qe3 Qc4+ 45. Qe2 Qf4+ 46. Kg2 Qh4 47. Rh1 Nf4+ 48. Kf3 Qxh1+ 49. Ke3 Nxe2 0-1

[Event "*** Titled Tuesday 3|2 Blitz"]
[Site "Chess.com"]
[Date "2015.02.24"]
[Round "6"]
[White "GMHess"]
[Black "jcibarra"]
[Result "0-1"]
[WhiteElo "2488"]
[BlackElo "2501"]
[TimeControl "180+2"]
[EndTime "12:20:01 PST"]
[Termination "jcibarra won by resignation"]

1. e4 e5 2. Nf3 d6 3. d4 exd4 4.
Nxd4 Nf6 5. Nc3 Be7 6. Bc4 O-O 7. O-O c6 8. Re1 b5 9. Bb3 b4 10. Nb1 c5 11. Nf3 Bg4 12. e5 dxe5 13. Qxd8 Rxd8 14. Nxe5 Bh5 15. c3 Bf8 16. cxb4 cxb4 17. Nd2 Na6 18. Bc4 Nc5 19. Nb3 Na4 20. h3 Nb6 21. Ba6 Re8 22. Bg5 Nfd5 23. g4 f6 24. Bd2 fxe5 25.
gxh5 Nf4 26. Bxf4 exf4 27. Nd4 g6 28. hxg6 hxg6 29. Ne6 Bh6 30. Re4 Rad8 31. Rae1 Rd2 32. Rxb4 Nd5 33. Rbe4 Nf6 34. R4e2 f3 35. Rxd2 Bxd2 36.
Rd1 Ba5 37. Bc4 Kh8 38. Rd3 Ne4 39. Nf4 Bb6 40. Bf7 Rc8 41. Bxg6 Nxf2 42. Rd7 Nxh3+ 43. Kh2 Nxf4 44. Bf5 Rc2+ 45. Kg3 f2 46. Rh7+ Kg8 47. Rh1 Ne2+ 48. Kg4 Rxb2 49. Rf1 Kg7 50. Be6 Kf6 51. Bb3 Nd4 52. Bd5 Nf5 53. Kf3 Ne3 54. Rxf2 Rxf2+ 55. Kxf2 Nxd5+ 56. Ke2 Ke5 57. Kd3 0-1

[Event "*** Titled Tuesday 3|2 Blitz"]
[Site "Chess.com"]
[Date "2015.02.24"]
[Round "6"]
[White "rhungaski"]
[Black "GeorgMeier"]
[Result "0-1"]
[WhiteElo "2442"]
[BlackElo "2671"]
[TimeControl "180+2"]
[EndTime "12:20:02 PST"]
[Termination "GeorgMeier won by resignation"]

1. e4 e6 2. d4 d5 3. exd5 exd5 4.
Nf3 Bf5 5. Bd3 Ne7 6. O-O Nbc6 7. c3 Qd7 8. Re1 O-O-O 9. b4 Bxd3 10. Qxd3 Qf5 11. Qxf5+ Nxf5 12. Ng5 Rd7 13. Bf4 Bd6 14. Bxd6 Nxd6 15. Nd2 Nd8 16. Re3 f6 17. Ne6 Re7 18. Nf4 Rxe3 19. fxe3 c6 20. Re1 Re8 21. Kf2 Kd7 22. g4 g6 23. h4 N8f7 24. Nd3 b6 25. Kf3 Ne4 26. Nb1 Nfd6 27. Nb2 a5 28. bxa5 bxa5 29.
Na4 Nc4 30. Nc5+ Nxc5 31. dxc5 Re4 32. Re2 Ne5+ 33. Kg3 Rxg4+ 34. Kh3 Ra4 35. h5 g5 36. Rb2 Rh4+ 37. Kg3 Rxh5 38. Rb7+ Ke6 39. Na3 Rh1 40.
Nc2 Kf5 41. Ra7 h5 42. Rxa5 h4+ 43. Kg2 Rb1 44. Nd4+ Ke4 45. Ra4 Kxe3 46. Nf5+ Kd3 47. Ra8 Kxc3 48. Rf8 Rb2+ 49. Kh3 Rxa2 50. Rxf6 Rf2 51.
Rf8 Rf4 52. Kg2 d4 53. Rf6 d3 54. Nd6 Rxf6 55. Ne4+ Kd4 56. Nxf6 d2 0-1

[Event "*** Titled Tuesday 3|2 Blitz"]
[Site "Chess.com"]
[Date "2015.02.24"]
[Round "6"]
[White "SuPeR_Fm"]
[Black "alturas_pacificas"]
[Result "1-0"]
[WhiteElo "2324"]
[BlackElo "2068"]
[TimeControl "180+2"]
[EndTime "12:20:06 PST"]
[Termination "SuPeR_Fm won by resignation"]

1. d4 d5 2. Nf3 c6 3. c4 Nf6 4.
Nc3 e6 5. e3 Nbd7 6. Bd3 dxc4 7. Bxc4 b5 8. Bd3 Bb7 9. O-O a6 10. a4 Be7 11. Qe2 O-O 12. Rd1 Qb6 13. e4 Rfd8 14.
e5 Nd5 15. Nxd5 cxd5 16. axb5 axb5 17. Rxa8 Rxa8 18. Bxb5 Nf8 19. Bd2 Rb8 20. Bc3 Ng6 21.
g3 h6 22. h4 Bc6 23. Bd3 Nf8 24. Ra1 Bb5 25. Bxb5 Qxb5 26. Qxb5 Rxb5 27. Ra4 Rb7 28.
Ne1 Nd7 29. Nd3 Kf8 30. Ra8+ Nb8 31. Kf1 Ke8 32. Ke2 Kd7 33. f4 h5 34. f5 Nc6 35.
Rg8 exf5 36. Rxg7 Ke8 37. Rg8+ Kd7 38. Nf4 Nb4 39. Rh8 Na2 40. Nxd5 Nxc3+ 41. bxc3 Rb2+ 42. Kf3 Rc2 43. c4 Ke6 44. Re8 Rxc4 45. Rxe7+ Kxd5 46. Rxf7 Kxd4 47. Rxf5 Rc7 48. Rxh5 Rg7 49. e6 Re7 50.
Rh6 Ke5 51. g4 Ra7 52. g5 Kf5 53. Rf6+ Ke5 54. Kg4 Rh7 55. Rf7 Rh8 56. e7 Re8 57.
g6 Ke6 58. h5 Rc8 59. Kg5 Rc5+ 60. Kh6 Kd7 61. g7 Rc8 62. Rf8 Rc6+ 63. Kh7 Re6 64.
e8=Q+ 1-0

[Event "*** Titled Tuesday 3|2 Blitz"]
[Site "Chess.com"]
[Date "2015.02.24"]
[Round "6"]
[White "kesarev"]
[Black "AUSSIE_PINOY"]
[Result "1/2-1/2"]
[WhiteElo "2257"]
[BlackElo "2359"]
[TimeControl "180+2"]
[EndTime "12:20:11 PST"]
[Termination "Game drawn by agreement"]

1. Nf3 c5 2. c4 b6 3. Nc3 Bb7 4.
e4 d6 5. d4 cxd4 6. Nxd4 Nf6 7. Bd3 a6 8. O-O e6 9. b3 Nbd7 10. Bb2 Be7 11. Rc1 O-O 12. f4 Rc8 13. Qf3 Re8 14.
Qh3 Bf8 15. Bb1 Qc7 16. Kh1 g6 17. Rce1 e5 18. fxe5 dxe5 19. Nf3 Bg7 20. Nd5 Bxd5 21. exd5 h5 22. Ng5 b5 23. Rc1 bxc4 24. bxc4 Qd6 25. Qg3 Qb4 26. Ba3 Qb7 27. Bd6 e4 28. Rfe1 Qb2 29.
Ba3 Qe5 30. Qxe5 Nxe5 31. Nxe4 Nxc4 32. Nxf6+ Bxf6 33. Rxe8+ Rxe8 34. Bc5 Ne5 35. Kg1 Nd7 36. Bf2 Be5 37. Bd3 Nf6 38. Bxa6 Nxd5 39. a4 Nc3 40. Bd3 Ra8 41. Bb5 Rb8 42. Re1 Bf6 43. Bc6 Bd8 44. h4 Ba5 45. Bg3 Rc8 46. Bd7 Rd8 47. Bc6 Nd5 48.
Re8+ Rxe8 49. Bxe8 Nc3 50. Bc6 Kg7 51. Be5+ f6 52.
Bxc3 Bxc3 53. g3 Kf7 54. Kg2 g5 55. hxg5 fxg5 56. Bf3 Kg6 57. Bd1 g4 58. Bc2+ Kg5 59. Bd1 Be1 60. Bc2 Bc3 61. Bd1 Be1 62. Bc2 Ba5 63.
Bd1 Bc7 64. Bc2 Ba5 65. Bd1 1/2-1/2

[Event "*** Titled Tuesday 3|2 Blitz"]
[Site "Chess.com"]
[Date "2015.02.24"]
[Round "6"]
[White "manitodeplomo"]
[Black "gmjlh"]
[Result "1/2-1/2"]
[WhiteElo "2334"]
[BlackElo "2488"]
[TimeControl "180+2"]
[EndTime "12:20:27 PST"]
[Termination "Game drawn - insufficient material"]

1. d4 Nf6 2. c4 g6 3. Nc3 d5 4.
Bf4 Bg7 5. e3 O-O 6. Rc1 Be6 7.
cxd5 Nxd5 8. Nxd5 Qxd5 9. b3 Rc8 10. Nf3 Nd7 11. Bc4 Qa5+ 12. Qd2 Qxd2+ 13. Kxd2 Bxc4 14. Rxc4 c6 15. Rhc1 f6 16. Ke2 Kf7 17. e4 a5 18. h3 h5 19. g4 hxg4 20. hxg4 Nb6 21. R4c2 a4 22. Rb1 axb3 23. Rxb3 Ra6 24. Be3 Rca8 25. Ne1 Nc8 26. Rxb7 Nd6 27. Rc7 Nxe4 28. R2xc6 Rxc6 29. Rxc6 Rxa2+ 30. Rc2 Rxc2+ 31. Nxc2 Nc3+ 32. Kd3 Nd5 33. Ke4 Ke6 34. f3 Kd6 35. Bd2 e6 36. Nb4 f5+ 37. gxf5 exf5+ 38. Kd3 Nxb4+ 39. Bxb4+ Kd5 40. Bc3 Bh8 41. Bb2 Bf6 42. Bc3 Bg5 43. Bb2 Bf4 44. Bc3 Bc1 45. Be1 g5 46. Bf2 Ba3 47. Be3 f4 48. Bf2 Bb4 49. Bg1 Be1 50. Ke2 Bh4 51.
Kd3 Bg3 52. Ke2 Kc4 53. Kf1 Kd5 54. Kg2 Ke6 55. Kh3 Kf5 56. Kg2 g4 57. fxg4+ Kxg4 58. d5 f3+ 59. Kf1 Kf5 60. Bc5 Ke5 61. d6 Ke6 62.
Ba3 Kd7 63. Bb4 Kc6 64. Ba3 Bxd6 65. Bxd6 Kxd6 66. Kf2 Ke5 67. Kxf3 1/2-1/2

[Event "*** Titled Tuesday 3|2 Blitz"]
[Site "Chess.com"]
[Date "2015.02.24"]
[Round "6"]
[White "ChessTrener"]
[Black "MinhGTrAn"]
[Result "1/2-1/2"]
[WhiteElo "2474"]
[BlackElo "2459"]
[TimeControl "180+2"]
[EndTime "12:20:44 PST"]
[Termination "Game drawn - insufficient material"]

1. d4 Nf6 2. Nf3 e6 3. Bg5 h6 4.
Bh4 Be7 5. Nbd2 c5 6. e3 b6 7. c3 Bb7 8. Bd3 g5 9. Bg3 d6 10. h3 Nbd7 11. e4 d5 12. exd5 Nxd5 13. Qe2 cxd4 14. Nxd4 Nc5 15. Bb5+ Kf8 16. O-O-O Rc8 17. N2b3 a6 18. Bc4 b5 19. Nxc5 Rxc5 20. Bb3 Kg7 21.
Kb1 Bf6 22. h4 a5 23. hxg5 hxg5 24. Rxh8 Qxh8 25. Nxe6+ fxe6 26. Qxe6 Qh7+ 27. Bc2 Qg8 28. Qd6 Qf8 29. Qxf8+ Kxf8 30. Bd6+ Be7 31. Bxc5 Bxc5 32. Kc1 Ke7 33. Be4 Ke6 34. Rd2 Bd6 35. g3 Bc6 36. b3 Ba3+ 37. Kc2 Nb4+ 38. cxb4 Bxe4+ 39. Kd1 Bf3+ 40.
Kc2 Be4+ 41. Kd1 Bf3+ 42. Kc2 Bxb4 43. Rd8 Kf5 44. Kd3 Be4+ 45. Kd4 Bf3 46. Rb8 Be2 47. Ke3 Bf1 48. Kd4 Kg4 49. f4 gxf4 50. gxf4 Kxf4 51. Rb7 Be2 52. Rh7 Kg5 53. Rf7 Kg6 54. Rf2 Bg4 55.
Kd5 Bd7 56. Rc2 Kf6 57. Re2 Kf7 58. Re3 Kf8 59. Re4 Be7 60. a4 bxa4 61. bxa4 Bb4 62. Rxb4 axb4 63. Kc4 Bxa4 64. Kxb4 1/2-1/2

[Event "*** Titled Tuesday 3|2 Blitz"]
[Site "Chess.com"]
[Date "2015.02.24"]
[Round "6"]
[White "IMRosen"]
[Black "pedromartinez91"]
[Result "0-1"]
[WhiteElo "2064"]
[BlackElo "2146"]
[TimeControl "180+2"]
[EndTime "12:20:58 PST"]
[Termination "pedromartinez91 won by checkmate"]

1. c4 c5 2. Nf3 Nc6 3. Nc3 g6 4.
e3 Nf6 5. d4 cxd4 6. exd4 d5 7.
cxd5 Nxd5 8. Qb3 Nxc3 9. Bc4 e6 10. bxc3 Na5 11. Bb5+ Bd7 12. Qa4 Nc6 13. Bg5 Be7 14.
Bh6 a6 15. Be2 Bf8 16. Bg5 Be7 17. Bh6 Bf8 18. Bf4 Bg7 19. Qa3 Bf8 20. Qb2 b5 21. O-O Be7 22. Bh6 Bf8 23. Bg5 Be7 24. Bh6 Bf8 25.
Bf4 Be7 26. c4 bxc4 27. Bxc4 O-O 28. Rad1 Bf6 29. Qa3 Na5 30. Be2 Bb5 31. Rfe1 Bxe2 32. Rxe2 Nc4 33. Qa4 Qd5 34. Ne5 Rfc8 35. h3 Qb5 36. Qb3 Qxb3 37. axb3 Nb6 38. Ra2 Nd5 39. Bd2 Bxe5 40. dxe5 Rcb8 41. Rda1 Rb6 42. Bh6 Nc7 43. Rc2 Nd5 44. b4 Rxb4 45. Rxa6 Rbb8 46. Rac6 Ne7 47. Rc7 Nf5 48. Bg5 h6 49. Bf6 g5 50. Kh2 Nd4 51.
Rd2 Nb5 52. Rc5 Rb7 53. Rb2 Ra5 54. g3 Kh7 55. h4 Kg6 56. Kh3 gxh4 57. Kxh4 h5 58. f4 Ra1 59. Kh3 Nd6 60. Rxb7 Nxb7 61.
Rb5 Na5 62. Rb8 Nc4 63. Rg8+ Kf5 64. Rg5+ Ke4 65. Rxh5 Ne3 66. Kh2 Kf3 67. Rh8 Ng4+ 68. Kh3 Rh1# 0-1